 Dungeon Sprint DCSS version 0.32-a0-433-g08bcfe7efd (webtiles) character file.

Game seed: 5836761600661061620

3300 rocky1 the Executioner (level 20, 0/168 HPs)
             Began as a Mountain Dwarf Fighter on Feb 23, 2024.
             Was an Initiate of Gozag.
             Hit by a large rock thrown by Polyphemus (27 damage)
             ... in the Dungeon (Sprint VI: "Thunderdome").
             The game lasted 00:16:36 (1765 turns).

rocky1 the Executioner (Mountain Dwarf Fighter)     Turns: 1765, Time: 00:16:38

Health: 0/168      AC: 12    Str: 23    XL:     20   Next: 84%
Magic:  33/33      EV: 13    Int: 14    God:    Gozag
Gold:   1200       SH:  8    Dex: 22    Spells: 28/37 levels left

rFire   + + .        r - +8 broad axe (vamp)
rCold   . . .        c - +0 buckler
rNeg    + . .        b - +0 scale mail
rPois   +            (no helmet)
rElec   +            (no cloak)
rCorr   .            i - +2 pair of gloves of Hepliaklqana's Regard {rPois}
SInv    .            (no boots)
Will    +++..        p - amulet "Coishri" {Faith -Cast rElec Regen+ Dex+7}
Stlth   +            o - ring "Plog" {rElec rF+ rN+ Dex+6}
HPRegen 1.28/turn    q - ring "Ubbuixye" {rF+ Will+}
MPRegen 0.23/turn

%: no teleportation, no spellcasting, faith
@: spiked, mesmerised
A: runic magic, artefact enchanting
}: 1/15 runes: decaying
a: Renounce Religion, Potion Petition, Call Merchant, Bribe Branch


You were in the Dungeon.
You worshipped Gozag.
Gozag was most pleased with you.
You visited 1 branch You collected 8278 gold pieces.
You spent 7078 gold pieces at shops.

Inventory:

Hand Weapons
 a - a +0 war axe
 r - a +8 vampiric broad axe (weapon)
Armour
 b - a +0 scale mail (worn)
 c - a +0 buckler (worn)
 i - the +2 pair of gloves of Hepliaklqana's Regard (worn) {rPois}
   (You found it in the Dungeon)

   rPois:     It protects you from poison
Jewellery
 d - the amulet of Tuoruut {Spirit rC+ Str+5 Int-5}
   (You bought it in a shop in the Dungeon)

   [amulet of guardian spirit]

   Spirit:    It causes incoming damage to be divided between your reserves of
   health and magic.
   Str+5:     It affects your strength (+5).
   Int-5:     It affects your intelligence (-5).
   rC+:       It protects you from cold.
 m - the ring "Manibaompi" {rF+ Will+}
   (You bought it in a shop in the Dungeon)

   [ring of willpower]

   rF+:       It protects you from fire.
   Will+:     It increases your willpower.
 o - the ring "Plog" (left hand) {rElec rF+ rN+ Dex+6}
   (You bought it in a shop in the Dungeon)

   [ring of dexterity]

   Dex+6:     It affects your dexterity (+6).
   rF+:       It protects you from fire.
   rElec:     It insulates you from electricity.
   rN+:       It protects you from negative energy.
 p - the amulet "Coishri" (around neck) {Faith -Cast rElec Regen+ Dex+7}
   (You bought it in a shop in the Dungeon)

   [amulet of faith]

   Faith:     It allows you to gain divine favour quickly.
   Dex+7:     It affects your dexterity (+7).
   rElec:     It insulates you from electricity.
   -Cast:     It prevents spellcasting.
   Regen+:    It increases your rate of health regeneration.
 q - the ring "Ubbuixye" (right hand) {rF+ Will+}
   (You bought it in a shop in the Dungeon)

   [ring of willpower]

   rF+:       It protects you from fire.
   Will+:     It increases your willpower.
 v - the amulet "Waetta" {Spirit rElec Regen+ MP+9 Dex+2}
   (You bought it in a shop in the Dungeon)

   [amulet of guardian spirit]

   Spirit:    It causes incoming damage to be divided between your reserves of
   health and magic.
   Dex+2:     It affects your dexterity (+2).
   rElec:     It insulates you from electricity.
   MP+9:      It affects your magic capacity (+9).
   Regen+:    It increases your rate of health regeneration.
 w - the ring "Luntac" {^Drain rC+ rCorr Int+2 Dex+5}
   (You bought it in a shop in the Dungeon)

   [ring of resist corrosion]

   Int+2:     It affects your intelligence (+2).
   Dex+5:     It affects your dexterity (+5).
   rC+:       It protects you from cold.
   rCorr:     It protects you from acid and corrosion.
   ^Drain:    It drains your maximum health when unequipped.
 x - the ring "Ymyiph" {rPois Str-2 Int-3 Dex+6 SInv}
   (You bought it in a shop in the Dungeon)

   [ring of dexterity]

   Str-2:     It affects your strength (-2).
   Int-3:     It affects your intelligence (-3).
   Dex+6:     It affects your dexterity (+6).
   rPois:     It protects you from poison SInv: It lets you see invisible.
 y - the ring "Raerph" {AC+4 Dex-3 Slay+4}
   (You bought it in a shop in the Dungeon)

   [ring of protection]

   AC+4:      It affects your AC (+4).
   Dex-3:     It affects your dexterity (-3).
   Slay+4:    It affects your accuracy & damage with ranged weapons and melee
   (+4).
 z - the ring "Poux" {*Corrode rPois rN+ Str+2 Int+3}
   (You bought it in a shop in the Dungeon)

   [ring of positive energy]

   Str+2:     It affects your strength (+2).
   Int+3:     It affects your intelligence (+3).
   rPois:     It protects you from poison rN+: It protects you from negative
   energy.
   *Corrode:  It may corrode you when you take damage.
 A - the ring "Garevam" {rC+ Will+ Str+4 Dex-4 SInv}
   (You bought it in a shop in the Dungeon)

   [ring of protection from cold]

   Str+4:     It affects your strength (+4).
   Dex-4:     It affects your dexterity (-4).
   rC+:       It protects you from cold.
   Will+:     It increases your willpower.
   SInv:      It lets you see invisible.
 B - the amulet "Neuh" {rPois Will+++ Regen+ Str+4 Dex-5}
   (You bought it in a shop in the Dungeon)

   [amulet of regeneration]

   Str+4:     It affects your strength (+4).
   Dex-5:     It affects your dexterity (-5).
   rPois:     It protects you from poison Will+++: It greatly increases your
   willpower.
   Regen+:    It increases your rate of health regeneration.
 C - the ring "Suoc" {Fire Str+3 Dex-3 Slay+3}
   (You bought it in a shop in the Dungeon)

   [ring of fire]

   Fire:      It enhances your fire magic.
   Str+3:     It affects your strength (+3).
   Dex-3:     It affects your dexterity (-3).
   Slay+3:    It affects your accuracy & damage with ranged weapons and melee
   (+3).
   rF+:       It protects you from fire.
   rC-:       It makes you vulnerable to cold.
 D - the ring "Oprin" {Wiz Will+++ rCorr MP-9 Slay+3}
   (You bought it in a shop in the Dungeon)

   [ring of wizardry]

   Wiz:       It improves your spell success rate.
   Slay+3:    It affects your accuracy & damage with ranged weapons and melee
   (+3).
   Will+++:   It greatly increases your willpower.
   MP-9:      It affects your magic capacity (-9).
   rCorr:     It protects you from acid and corrosion.
 E - the ring of Vuyczaz {rPois rF+ rC+ MP-9 Slay+4}
   (You bought it in a shop in the Dungeon)

   [ring of poison resistance]

   Slay+4:    It affects your accuracy & damage with ranged weapons and melee
   (+4).
   rF+:       It protects you from fire.
   rC+:       It protects you from cold.
   rPois:     It protects you from poison MP-9: It affects your magic capacity
   (-9).
 F - the amulet "Haos" {Reflect Rampage rN+ Regen+ Dex-2 SH+5}
   (You bought it in a shop in the Dungeon)

   [amulet of reflection]

   Reflect:   It reflects blocked missile attacks.
   Dex-2:     It affects your dexterity (-2).
   rN+:       It protects you from negative energy.
   Regen+:    It increases your rate of health regeneration.
   SH+5:      It affects your SH (+5).
   Rampage:   It bestows one free step when moving towards enemies.
 G - the ring of Moasuack {rF+ Will+++ Int+6 Dex-3 Stlth+}
   (You bought it in a shop in the Dungeon)

   [ring of intelligence]

   Int+6:     It affects your intelligence (+6).
   Dex-3:     It affects your dexterity (-3).
   rF+:       It protects you from fire.
   Will+++:   It greatly increases your willpower.
   Stlth+:    It makes you more stealthy.
Scrolls
 j - 4 scrolls of blinking
 n - 2 scrolls of fog
 t - 9 scrolls of enchant armour
Potions
 e - 9 potions of curing
 g - 6 potions of haste
 h - 2 potions of magic
 k - a potion of resistance
 l - 6 potions of might
 s - a potion of enlightenment
 u - a potion of invisibility


   Skills:
 - Level 12.1 Fighting
 - Level 22.5 Axes
 - Level 11.8 Armour
 - Level 4.3 Dodging
 - Level 0.2 Stealth
 - Level 11.3 Shields
 + Level 9.0 Spellcasting
 + Level 9.6 Conjurations
 + Level 12.4 Fire Magic
 - Level 0.2 Evocations


You had 28 spell levels left.
You knew the following spells:

 Your Spells              Type           Power      Damage    Failure   Level
a - Fire Storm            Conj/Fire      18%        8d5       100%        9

Your spell library contained the following spells:

 Spells                   Type           Power      Damage    Failure   Level
 Chain Lightning          Conj/Air       9%         3d12      100%        9
 Shatter                  Erth           3%         3d7*      100%        9


Dungeon Overview and Level Annotations

Branches:
Dungeon (1/1)

Altars:
Cheibriados
Dithmenos
Fedhas
Gozag
Kikubaaqudgha
Makhleb
Okawaru
Qazlal
Ru
Sif Muna
Trog
Uskayaw
Vehumet
Wu Jian
Xom
Yredelemnul
Zin
The Shining One
Beogh
Lugonu

Shops:
D [=??*?*:[((!!!

Annotations:
D Polyphemus


Innate Abilities, Weirdness & Mutations

Your spellcasting is much less encumbered by armour.
You can use scrolls of enchantment on lesser artefacts.


Message History

The merfolk avatar chants a haunting song.
You are mesmerised by the merfolk avatar!
Unknown command.
Okay, then.
As you read the scroll of fog, it dissolves into smoke.
The pull of its song draws you forwards.
The merfolk avatar chants its luring song.
Unknown command.
You hit Polyphemus but do no damage.
Polyphemus is heavily wounded.
Polyphemus misses you. Polyphemus hits you!!
* * * LOW HITPOINT WARNING * * *
You block the snapping turtle's attack.
The manticore flicks its tail.
The volley of spikes misses you.
The volley of spikes skewers Polyphemus!
The merfolk avatar chants its luring song.
You feel much better. Polyphemus hits you.
* * * LOW HITPOINT WARNING * * *
Polyphemus hits you!
* * * LOW HITPOINT WARNING * * *
The manticore flicks its tail.
The volley of spikes skewers you but does no damage.
The merfolk avatar chants its luring song.
You feel much better. You block the snapping turtle's attack.
Polyphemus hits you!!
* * * LOW HITPOINT WARNING * * *
Polyphemus closely misses you.
The manticore flicks its tail.
The volley of spikes skewers you!
The barbed spikes become lodged in your body.
* * * LOW HITPOINT WARNING * * *
The merfolk avatar chants its luring song.
You feel much better.
The pull of its song draws you forwards.
Polyphemus yells, "You will make a great snack!"
Polyphemus throws a large rock.
The large rock hits you!!
You die...
Polyphemus says, "You're nobody."
Your body crumbles into a pile of gold.

........_#
.........###
..[......)⌠#
....)....ß.######
...###..÷...__.∩##
.ß.# #.ß........∩###
...###........§§§§.##
###...###....§§§§§§§#
# #.<.# #....§§§@m§§#
###...###....§C§§H.⌠#
...###.......§t§§..##
.ß.# #.ß....[§§§∩###
...###......__§∩##
.........ß.######
..........⌠#
.........###
_......._#


You could see Polyphemus (skewered), a merfolk avatar (mesmerising), a snapping
turtle and a manticore.

Vanquished Creatures
  An arcanist (D)
  A merfolk aquamancer (D)
  A boulder beetle (D)
  A demonic crawler (D)
  A pharaoh ant (D)
  3 deep trolls (D)
  A torpor snail (D)
  4 trolls (D)
  9 polar bears (D)
  Grinder (D)
  A jumping spider (D)
  A culicivora (D)
  4 redbacks (D)
  A naga (D)
  2 water moccasins (D)
  A swamp drake (D)
  7 brain worms (D)
  6 killer bees (D)
  A crimson imp (D)
  A quasit (D)
  An iron imp (D)
  Terence (D)
  4 adders (D)
  2 shadow imps (D)
  A goblin (D)
  2 hobgoblins (D)
59 creatures vanquished.

Notes
Turn   | Place    | Note
-------+----------+-------------------------------------------
     0 | D        | rocky1 the Mountain Dwarf Fighter began the quest for the
                  | Orb.
     0 | D        | Reached XP level 1. HP: 19/19 MP: 1/1
     4 | D        | Found a hide-covered altar of Uskayaw.
     5 | D        | Found a sacrificial altar of Ru.
     5 | D        | Found a radiant altar of Vehumet.
     5 | D        | Round 1.
     6 | D        | Found an ancient bone altar of Kikubaaqudgha.
     6 | D        | Found an ornate altar of the Wu Jian Council.
     7 | D        | Found Xucuezis's Timeless Talismans.
     7 | D        | Found a shimmering blue altar of Sif Muna.
     7 | D        | Found Zioziarch's Identification Station.
     8 | D        | Found Ewabb's Jewellery.
     8 | D        | Found Fufawoj's Advanced Armour.
     9 | D        | Found a shadowy altar of Dithmenos.
    10 | D        | Found Kuiq's Magic Scroll Shop.
    12 | D        | Found Dawaett's Magic Scroll Shop.
    12 | D        | Found Qeidi's Must-Have Magic.
    13 | D        | Found a glowing golden altar of the Shining One.
    13 | D        | Found an opulent altar of Gozag.
    13 | D        | Found a roughly hewn altar of Beogh.
    13 | D        | Found Tukkif's Staff Store.
    17 | D        | Found a glowing silver altar of Zin.
    20 | D        | Found a burning altar of Makhleb.
    24 | D        | Found Isoecs's Distillery.
    25 | D        | Found Yjadi's Distillery.
    25 | D        | Found Useblut's Bottled Wisdom.
    25 | D        | Found a bloodstained altar of Trog.
    25 | D        | Found a snail-covered altar of Cheibriados.
    25 | D        | Found a corrupted altar of Lugonu.
    25 | D        | Found Codei's Do-It-Yourself Clinic.
    38 | D        | Reached XP level 2. HP: 16/27 MP: 2/2
    44 | D        | Became a worshipper of Gozag Ym Sagoz the Greedy
    52 | D        | Noticed Terence
    54 | D        | Found a shimmering altar of Xom.
    61 | D        | Killed Terence
    62 | D        | Reached skill level 3 in Axes
    62 | D        | Reached skill level 5 in Armour
    62 | D        | Reached XP level 3. HP: 16/35 MP: 3/3
    65 | D        | Found an iron altar of Okawaru.
    65 | D        | Found a basalt altar of Yredelemnul.
    68 | D        | Found Myucuucog's Weapon Rack.
    69 | D        | Found Beiluacw's Basic Armour.
    69 | D        | Found Huvuggeu's Miscellaneous Merchandise.
    70 | D        | Found a stormy altar of Qazlal.
    70 | D        | Found a blossoming altar of Fedhas.
    70 | D        | Found Reipty's Premium Goods.
   155 | D        | Arena points: 12 (+12) [x2]
   184 | D        | Bought a bound iron ring for 45 gold pieces
   184 | D        | Identified the ring "Plog" {rElec rF+ rN+ Dex+6} (You
                  | bought it in a shop in the Dungeon)
   184 | D        | Bought a coiled platinum amulet for 45 gold pieces
   184 | D        | Identified the amulet "Coishri" {Faith -Cast rElec Regen+
                  | Dex+7} (You bought it in a shop in the Dungeon)
   184 | D        | Bought a clouded platinum ring for 45 gold pieces
   184 | D        | Identified the ring "Ubbuixye" {rF+ Will+} (You bought it
                  | in a shop in the Dungeon)
   209 | D        | Round 2.
   231 | D        | Noticed Grinder
   239 | D        | Killed Grinder
   240 | D        | Reached skill level 5 in Axes
   240 | D        | Reached XP level 4. HP: 48/48 MP: 4/4
   240 | D        | Reached XP level 5. HP: 53/53 MP: 5/5
   245 | D        | Reached skill level 6 in Axes
   278 | D        | Reached skill level 1 in Dodging
   278 | D        | Reached XP level 6. HP: 61/61 MP: 6/6
   323 | D        | Arena points: 54 (+42) [x3]
   324 | D        | Reached skill level 7 in Axes
   341 | D        | Bought a +0 broad axe for 120 gold pieces
   356 | D        | Bought a potion of enlightenment for 75 gold pieces
   356 | D        | Bought a scroll of enchant armour for 112 gold pieces
   356 | D        | Bought a potion of invisibility for 120 gold pieces
   378 | D        | Round 3.
   433 | D        | Reached skill level 8 in Axes
   486 | D        | Reached skill level 9 in Axes
   486 | D        | Reached XP level 7. HP: 66/70 MP: 7/7
   515 | D        | Arena points: 138 (+84) [x4]
   548 | D        | Bought a potion of experience for 300 gold pieces
   548 | D        | Reached skill level 10 in Fighting
   548 | D        | Reached skill level 10 in Axes
   548 | D        | Reached skill level 10 in Armour
   548 | D        | Reached XP level 8. HP: 79/79 MP: 8/8
   558 | D        | Round 4.
   583 | D        | HP: 1/74 [constriction (3)]
   667 | D        | Reached skill level 11 in Axes
   732 | D        | Arena points: 278 (+140) [x5]
   757 | D        | Bought 4 potions of curing for 84 gold pieces
   757 | D        | Bought 4 potions of curing for 84 gold pieces
   757 | D        | Bought 3 potions of heal wounds for 105 gold pieces
   759 | D        | Round 5.
   780 | D        | Noticed a witch
   788 | D        | Noticed a tyrant leech
   803 | D        | Killed a witch
   803 | D        | Identified the +2 pair of gloves of Hepliaklqana's Regard
                  | {rPois} (You found it in the Dungeon)
   803 | D        | Arena points: 523 (+245) [x7]
   804 | D        | Reached skill level 12 in Axes
   804 | D        | Reached skill level 10 in Shields
   804 | D        | Reached XP level 9. HP: 75/89 MP: 9/9
   810 | D        | Got a decaying rune of Zot
   836 | D        | Bought a book of Annihilations for 420 gold pieces
   858 | D        | Bought a scroll of brand weapon for 95 gold pieces
   901 | D        | Bought 6 potions of might for 168 gold pieces
   901 | D        | Bought 3 potions of haste for 210 gold pieces
  1008 | D        | Round 6.
  1009 | D        | Noticed a troll
  1017 | D        | Killed a troll
  1018 | D        | Reached skill level 13 in Axes
  1064 | D        | Noticed a deep troll
  1078 | D        | Killed a deep troll
  1079 | D        | Reached skill level 16 in Axes
  1121 | D        | Noticed a troll
  1130 | D        | Noticed a deep troll
  1131 | D        | Killed a troll
  1142 | D        | Killed a deep troll
  1143 | D        | Reached skill level 17 in Axes
  1152 | D        | Noticed a troll
  1154 | D        | Noticed a troll
  1168 | D        | Killed a troll
  1169 | D        | Reached skill level 18 in Axes
  1169 | D        | Reached XP level 10. HP: 82/95 MP: 10/10
  1184 | D        | Noticed a deep troll
  1199 | D        | Killed a deep troll
  1199 | D        | Arena points: 907 (+384) [x8]
  1200 | D        | Reached skill level 19 in Axes
  1215 | D        | Round 7.
  1263 | D        | Reached skill level 20 in Axes
  1307 | D        | Arena points: 1411 (+504) [x9]
  1340 | D        | Learned a level 9 spell: Fire Storm
  1364 | D        | Round 8.
  1396 | D        | Reached skill level 21 in Axes
  1442 | D        | Reached skill level 22 in Axes
  1471 | D        | Arena points: 2211 (+800) [x10]
  1496 | D        | Bought 3 potions of experience for 900 gold pieces
  1496 | D        | Bought 3 potions of experience for 900 gold pieces
  1496 | D        | Bought 2 potions of experience for 600 gold pieces
  1496 | D        | Bought a potion of experience for 300 gold pieces
  1498 | D        | Reached XP level 11. HP: 102/102 MP: 10/14
  1499 | D        | Reached XP level 12. HP: 110/110 MP: 10/16
  1500 | D        | Reached skill level 5 in Fire Magic
  1500 | D        | Reached XP level 13. HP: 116/116 MP: 10/19
  1501 | D        | Reached skill level 5 in Conjurations
  1501 | D        | Reached XP level 14. HP: 124/124 MP: 10/21
  1502 | D        | Reached skill level 5 in Spellcasting
  1502 | D        | Reached XP level 15. HP: 129/129 MP: 10/23
  1503 | D        | Reached XP level 16. HP: 137/137 MP: 10/25
  1504 | D        | Reached XP level 17. HP: 144/144 MP: 11/27
  1505 | D        | Reached XP level 18. HP: 151/151 MP: 11/28
  1506 | D        | Reached skill level 10 in Fire Magic
  1506 | D        | Reached XP level 19. HP: 158/158 MP: 11/30
  1507 | D        | Reached XP level 20. HP: 168/168 MP: 11/31
  1528 | D        | Round 9.
  1654 | D        | Arena points: 3300 (+1089) [x11]
  1671 | D        | Bought 8 scrolls of enchant weapon for 600 gold pieces
  1681 | D        | Bought a scroll of acquirement for 520 gold pieces
  1682 | D        | Acquired 1212 gold pieces
  1689 | D        | Bought 4 scrolls of enchant armour for 300 gold pieces
  1689 | D        | Bought 4 scrolls of enchant armour for 300 gold pieces
  1701 | D        | Round 10.
  1709 | D        | Bought a twitching pewter amulet for 45 gold pieces
  1709 | D        | Identified the amulet of Tuoruut {Spirit rC+ Str+5 Int-5}
                  | (You bought it in a shop in the Dungeon)
  1709 | D        | Bought a faintly glowing bone ring for 45 gold pieces
  1709 | D        | Identified the ring "Manibaompi" {rF+ Will+} (You bought it
                  | in a shop in the Dungeon)
  1709 | D        | Bought a vibrating diamond amulet for 45 gold pieces
  1709 | D        | Identified the amulet "Waetta" {Spirit rElec Regen+ MP+9
                  | Dex+2} (You bought it in a shop in the Dungeon)
  1709 | D        | Bought a scintillating glass ring for 45 gold pieces
  1709 | D        | Identified the ring "Luntac" {^Drain rC+ rCorr Int+2 Dex+5}
                  | (You bought it in a shop in the Dungeon)
  1709 | D        | Bought a flickering jade ring for 45 gold pieces
  1709 | D        | Identified the ring "Ymyiph" {rPois Str-2 Int-3 Dex+6 SInv}
                  | (You bought it in a shop in the Dungeon)
  1709 | D        | Bought a twitching tin ring for 45 gold pieces
  1709 | D        | Identified the ring "Raerph" {AC+4 Dex-3 Slay+4} (You
                  | bought it in a shop in the Dungeon)
  1709 | D        | Bought a fine platinum ring for 45 gold pieces
  1709 | D        | Identified the ring "Poux" {*Corrode rPois rN+ Str+2 Int+3}
                  | (You bought it in a shop in the Dungeon)
  1709 | D        | Bought a warped bronze ring for 45 gold pieces
  1709 | D        | Identified the ring "Garevam" {rC+ Will+ Str+4 Dex-4 SInv}
                  | (You bought it in a shop in the Dungeon)
  1709 | D        | Bought a heavily runed platinum amulet for 45 gold pieces
  1709 | D        | Identified the amulet "Neuh" {rPois Will+++ Regen+ Str+4
                  | Dex-5} (You bought it in a shop in the Dungeon)
  1709 | D        | Bought a smoking lead ring for 45 gold pieces
  1709 | D        | Identified the ring "Suoc" {Fire Str+3 Dex-3 Slay+3} (You
                  | bought it in a shop in the Dungeon)
  1709 | D        | Bought a scorched brass ring for 45 gold pieces
  1709 | D        | Identified the ring "Oprin" {Wiz Will+++ rCorr MP-9 Slay+3}
                  | (You bought it in a shop in the Dungeon)
  1709 | D        | Bought a heavily runed steel ring for 45 gold pieces
  1709 | D        | Identified the ring of Vuyczaz {rPois rF+ rC+ MP-9 Slay+4}
                  | (You bought it in a shop in the Dungeon)
  1709 | D        | Bought a translucent amethyst amulet for 45 gold pieces
  1709 | D        | Identified the amulet "Haos" {Reflect Rampage rN+ Regen+
                  | Dex-2 SH+5} (You bought it in a shop in the Dungeon)
  1709 | D        | Bought a sparkling jade ring for 45 gold pieces
  1709 | D        | Identified the ring of Moasuack {rF+ Will+++ Int+6 Dex-3
                  | Stlth+} (You bought it in a shop in the Dungeon)
  1742 | D        | Noticed Polyphemus
  1764 | D        | HP: 4/168 [manticore/volley of spikes (7)]
  1765 | D        | Hit by a large rock thrown by Polyphemus

Illustrated notes

Levels and vault maps discovered:
D:        arena_sprint

Skill      XL: |  1  2  3  4  5  6  7  8  9 10 11 12 13 14 15 16 17 18 19 20 |
---------------+-------------------------------------------------------------+-----
Fighting       | 4 7 8 9 10 11 12 | 12.1
Armour         | 4 5 8 9 10 11 | 11.8
Axes           | 3 5 6 9 10 12 18 22 | 22.5
Shields        | 4 7 8 9 10 11 | 11.3
Dodging        | 1 2 3 4 |  4.3
Spellcasting   | 2 3 4 5 6 7 9 |  9.0
Conjurations   | 2 3 4 5 6 7 8 9 |  9.6
Fire Magic     | 3 4 5 6 7 8 9 10 12 | 12.4
Stealth        | |  0.2
Evocations     | |  0.2

Action                     |  1- 3 |  4- 6 |  7- 9 | 10-12 | 13-15 | 16-18 | 19-21 || total
---------------------------+-------+-------+-------+-------+-------+-------+-------++-------
  Melee: War axe           |    22 |    29 |       |       |       |       |       ||    51
         Broad axe         |       |    30 |    91 |    86 |       |       |   102 ||   309
  Evoke: Wand              |     5 |       |     5 |       |       |       |       ||    10
    Use: Potion            |       |       |     6 |     3 |     3 |     3 |     6 ||    21
         Scroll            |       |       |     1 |       |       |       |    10 ||    11
   Stab: Distracted        |       |       |       |     1 |       |       |     1 ||     2
 Armour: Scale mail        |    19 |    58 |    69 |    67 |       |       |    89 ||   302
  Dodge: Dodged            |     7 |    55 |    50 |    37 |       |       |    48 ||   197
  Block: Buckler           |     3 |    31 |    46 |    32 |       |       |    47 ||   159

Table legend: (Time is in decaauts)
 A = Elapsed time spent in this place.
 B = Non-inter-level travel time spent in this place.
 C = Inter-level travel time spent in this place.
 D = Time resting spent in this place.
 E = Time spent auto-exploring this place.
 F = Levels seen in this place.
 G = Mean time per level.
                   A        B        C        D        E       F      G
               +--------+--------+--------+--------+--------+-----+--------+
         Total |   1727 |   1727 |      0 |    220 |      0 |   1 | 1727.0 |
       Dungeon |   1727 |   1727 |      0 |    220 |      0 |   1 | 1727.0 |
               +--------+--------+--------+--------+--------+-----+--------+

Top non-repeatable levels by time:
       D: 1727 daAuts
